← All builds
Suicide front / Cortex / Economy first / OBSERVED BUILD

Standard suicide front

Cortex Suicide front build order · Supreme Isthmus

The role's baseline: bot lab first, economy expands through the first minutes, and Thugs with Aggravators and Grunts carry the fight to the middle as T2 approaches.

#eco #defence · 422 distinct matches · 80 players · 70% of Cortex Suicide front games · team won 51% of 438 · Recently observed

HOW TO PLAY IT

Key timing: Bot Lab by 0:34

  1. Take 3 mex, then rush a Bot Lab immediately for early army.
  2. Finish Bot Lab, start pumping Thug, Grunt and Aggravator.
  3. Push units to middle to contest and secure reclaim early.
  4. Add Advanced Metal Extractor to keep economy scaling with the fight.
  5. Hold middle with bots until T2 reinforcements arrive from Geo.

Phase by phase

TYPICAL OF ITS 422 GAMES
  1. 1
  2. 2
  3. 3
PLAY THE OPENING

Follow the example game's first 6:00 step by step: what to build now, what comes next, and where it goes. At 1× it keeps pace with your own game.

  1. 1

    Up to the Bot Lab

    Economy
    • Metal Extractor1Mex
    Order
    1. Bot LabBot Lab after 1 mexdone ~0:34, middle half 0:27–0:44

    By 0:18 in all: 1 mex

    The example game in this phase · 2 steps
    1. Mex ×3
    2. Bot LabBot Labdone 0:45 · typical 0:34
  2. 2

    Bot Lab to 5:00

    Economy
    • Metal Extractor4Mex
    • Wind Turbine3Wind
    Builders
    • Graverobber4 Graverobber
    • Construction Bot3 Con bot
    Army
    • Guard3 Guard
    • Thug15 Thug
    • Grunt3 Grunt
    Other
    • Radar Tower1 Radar Tower

    Some games also: aggravator (50%)

    By 5:00 in all: 5 mex · 3 wind

    The example game in this phase · 29 steps
    1. Wind
    2. GruntGrunt
    3. GraverobberGraverobber ×2
    4. Radar TowerRadar Tower
    5. Construction BotCon bot
    6. ThugThug
    7. GruntGrunt
    8. ThugThug ×2
    9. Mex
    10. ThugThug
    11. Wind
    12. ThugThug ×3
    13. GraverobberGraverobber
    14. ThugThug
    15. Mex
    16. ThugThug
    17. GraverobberGraverobber
    18. TrasherTrasher
    19. ThugThug ×3
    20. Radar TowerRadar Tower
    21. GraverobberGraverobber
    22. GruntGrunt ×3
    23. Twin GuardTwin Guard
    24. GruntGrunt ×7
    25. Construction BotCon bot
    26. Twin GuardTwin Guard
    27. Construction BotCon bot
    28. Twin GuardTwin Guard
    29. ThugThug ×5
  3. 3

    5:00 to 10:00

    Economy
    • Metal Extractor1Mex
    • Wind Turbine14Wind
    Builders
    • Construction Turret2 Con turret
    • Graverobber2 Graverobber
    • Construction Bot1 Con bot
    Army
    • Guard1 Guard
    • Thug5 Thug
    • Grunt3 Grunt

    Some games also: aggravator (50%) · energy storage (48%) · Radar Tower (42%) · Twin Guard (32%)

    By 10:00 in all: 6 mex · 18 wind · 1 energy storage · 2 con turret

    The example game in this phase · 72 steps
    1. WardenWarden
    2. ThugThug ×2
    3. Mex
    4. GraverobberGraverobber ×4
    5. GruntGrunt ×4
    6. Solar
    7. SentrySentry
    8. GruntGrunt ×2
    9. Solar
    10. GruntGrunt ×2
    11. GraverobberGraverobber
    12. GruntGrunt ×5
    13. GraverobberGraverobber ×2
    14. Twin GuardTwin Guard
    15. Con turret
    16. GruntGrunt
    17. GraverobberGraverobber ×3
    18. Wind
    19. GruntGrunt
    20. Wind
    21. GruntGrunt
    22. Wind
    23. GruntGrunt
    24. Wind
    25. GruntGrunt
    26. Wind
    27. GruntGrunt
    28. Wind
    29. GruntGrunt
    30. Wind
    31. GruntGrunt
    32. Wind
    33. GruntGrunt
    34. Wind
    35. GruntGrunt
    36. Advanced Metal ExtractorT2 mexdone 10:35 · typical 9:42
    37. GruntGrunt ×4
    38. Radar TowerRadar Tower
    39. GruntGrunt ×8
    40. Advanced Metal ExtractorT2 mex
    41. GruntGrunt ×3
    42. Con turret
    43. GruntGrunt ×2
    44. Con turret
    45. GruntGrunt
    46. Energy storage
    47. GruntGrunt
    48. Wind
    49. GruntGrunt
    50. Wind
    51. GruntGrunt ×2
    52. Wind
    53. GruntGrunt
    54. Wind
    55. GruntGrunt
    56. Wind
    57. GruntGrunt
    58. Wind
    59. GruntGrunt
    60. Wind
    61. GruntGrunt
    62. Wind
    63. GruntGrunt
    64. Wind
    65. GruntGrunt
    66. Wind
    67. GruntGrunt
    68. Wind
    69. GruntGrunt ×7
    70. Advanced Metal ExtractorT2 mex
    71. GruntGrunt ×25
    72. Fortification WallFortification Wall

Counts are medians over the build's games: half of them build more, half fewer. The example game is _Hawkey_'s (61 OS, 30/09/2026); pick another.

Team trades

IN AT LEAST 30% OF ITS GAMES

You hand over

Nothing regular.

You get

  • Tidal Generator4 Tidal from Pondfirst at 0:11 · in 69% of games
  • Advanced Construction Bot1 T2 con bot from Geo or Techfirst at 7:37 · in 57% of games

How it plays out

Typical game of this build, running totals by minute

Metal produced

010k20k
0:005:0010:0015:00

metal

Enemy metal destroyed

05k10k
0:005:0010:0015:00

metal

Own metal lost

05k10k15k
0:005:0010:0015:00

metal

438 games.

Show as table
ByMetal produced: This buildEnemy metal destroyed: This buildOwn metal lost: This build
1:0028500
2:0096900
3:002066195133
4:003157684638
5:00430616451425
6:00553425542419
7:00673835643533
8:00792245054525
9:00917552115491
10:001043959036310
11:001200663667136
12:001357268428025
13:001523475068814
14:001702082639542
15:0018420883110330
WHAT THE NUMBERS SAY

This is the role's baseline aggressive job, winning half its games while both dealing and taking heavy metal losses fighting at middle.

  • + Fastest Bot Lab of any role (0:34), gets units fighting almost immediately.
  • + Destroys 8805 enemy metal by 15:00 through constant middle pressure.
  • − Loses 10461 own metal by 15:00, more than it destroys.
  • − Metal production lags behind other front role at 18297 by 15:00.
THE EXAMPLE YOU ARE READING

_Hawkey_

61.3 OS · 30/09/2026

Open source match ↗

26 received units · includes a constructor
73 metal received · 17575 energy received

Allied construction assistance is unknown. Timings are observations, not a promise of solo reproducibility.

Typical milestones

Bot Lab0:34Middle 50%: 0:27–0:44 · n=434
Advanced Metal Extractor9:42Middle 50%: 8:47–10:57 · n=284

Played most by

_X_64games of this build_Hawkey_47games of this buildImmort30games of this buildGuiTou25games of this buildViltrum23games of this build